 Dungeon Crawl Stone Soup version 0.22-a0-362-g535178c (webtiles) character file.

54 Amnesiac the Grave Robber (level 3, 0/25 HPs)
             Began as a Mummy Necromancer on Apr 19, 2018.
             Slain by a goblin
             ... wielding a cursed +0 dagger
             ... led by Robin
              (7 damage)
             ... on level 3 of the Dungeon.
             The game lasted 00:02:02 (1474 turns).

Amnesiac the Grave Robber (Mummy Necromancer)       Turns: 1474, Time: 00:02:03

Health: 0/25       AC:  3    Str: 11    XL:     3   Next: 66%
Magic:  4/7        EV: 12    Int: 15    God:
Gold:   83         SH:  4    Dex: 12    Spells: 4/8 levels left

rFire    x . .     SeeInvis .   e - +4 dagger
rCold    + . .     Gourm    .   f - +0 buckler
rNeg     + + +     Faith    .   a - +0 robe
rPois    ∞         Spirit   .   (no helmet)
rElec    .         Reflect  .   (no cloak)
rCorr    .         Harm     .   h - +0 pair of gloves
MR       .....                  (no boots)
Stlth    ++........             (no amulet)
HPRegen  0.08/turn              (no ring)
MPRegen  0.10/turn              (no ring)

@: no status effects
A: no food or potions, fire vulnerability, cold resistance 1, negative energy
resistance 3, torment resistance, unbreathing
a: no special abilities


You were on level 3 of the Dungeon.
You were not hungry.

You visited 1 branch of the dungeon, and saw 3 of its levels.

You collected 83 gold pieces.

Inventory:

Hand Weapons
 e - a +4 dagger (weapon)
 j - a +0 hunting sling
Missiles
 k - 18 stones (quivered)
Armour
 a - a +0 robe (worn)
 f - a +0 buckler (worn)
 g - a +0 shield
 h - a +0 pair of gloves (worn)
Jewellery
 i - an uncursed ring of ice {unknown}
Scrolls
 b - 2 scrolls of noise {!r, unknown}
 c - 3 scrolls of remove curse {!r, unknown}
 d - 4 scrolls of identify {!r, unknown}


   Skills:
 - Level 0.5 Fighting
 - Level 2.0 Dodging
 - Level 1.5 Stealth
 * Level 1.6 Shields
 - Level 3.0 Spellcasting
 + Level 4.3 Necromancy


You had 4 spell levels left.
You knew the following spells:

 Your Spells              Type           Power        Failure   Level  Hunger
a - Pain                  Necr           ###.         4%          1    N/A
d - Vampiric Draining     Necr           ###.......   13%         3    N/A

Dungeon Overview and Level Annotations

Branches:
Dungeon (3/15)

Altars:
Ru
Xom

Annotations:
D:2 Robin


Innate Abilities, Weirdness & Mutations

You do not eat or drink.
Your flesh is vulnerable to fire.
You are immune to poison.
Your flesh is cold resistant. (rC+)
You are immune to negative energy. (rN+++)
You are immune to unholy pain and torment.
You can survive without breathing.


Message History

There is a stone staircase leading up here.
You see here a hand axe.
k - 18 stones (gained 16) Key pressed, stopping explore.
There is a sacrificial altar of Ru here.
HP restored.
Key pressed, stopping explore.
You see here a ration.
You now have 83 gold pieces (gained 8).
Found a chain mail.
d - 4 scrolls labeled LAZOMO WUEPOMI {!r} (gained 1)
A hobgoblin comes into view.
The hobgoblin shouts!
You hear a shout! x3
The teleport trap disappears.
The goblin disappears!
The teleport trap disappears.
The hobgoblin disappears!
Found a shimmering altar of Xom.
A goblin comes into view. It is wielding a dagger.
A goblin is nearby!
A goblin is nearby! 2 goblins come into view.
The goblin shouts! x2; You hear a shout! 2 goblins and Robin come into view.
Robin roars a battlecry!
The goblins go into a battle-frenzy!
A hobgoblin comes into view. It is wielding a club.
The hobgoblin shouts!
Robin throws the goblin at you!
The goblin shouts!
You hit the goblin.
The goblin is heavily wounded.
The goblin hits you with a club. The goblin hits you but does no damage.
You hit the goblin.
You kill the goblin!
The goblin misses you.
Robin says, "Feeling lonely?"
The goblin hits you but does no damage.
You hit the goblin.
The goblin is moderately wounded.
The goblin hits you. The goblin closely misses you.
Robin throws the goblin at you! The goblin closely misses you.
Robin zaps a wand.
The puff of flame hits you! The fire burns you terribly!
* * * LOW HITPOINT WARNING * * *
It is a wand of flame (27).
The goblin barely misses you.
Robin roars a battlecry!
There is an escape hatch in the floor here.
The goblin closely misses you.
You slide downwards.
The hatch slams shut behind you.
An adder, a hobgoblin and a dart slug come into view.
The hobgoblin shouts!
Found a ring mail.
Casting: Vampiric Draining (safe; 13% risk of failure)
Confirm with . or Enter, or press ? or * to list all spells.
Aiming: Vampiric Draining (safe; 13% risk of failure)
Press: ? - help, Shift-Dir - straight line, f - hobgoblin
Aim: a hobgoblin, wielding a club You kill the hobgoblin!
You feel life coursing into your body. The goblin closely misses you.
The adder bites you.
* * * LOW HITPOINT WARNING * * *
You block the goblin's attack.
You open the door. The adder bites you.
* * * LOW HITPOINT WARNING * * *
You block the goblin's attack. The goblin hits you with a dagger!
You die...

####
...####
#...[.#
#..w..#
#.Sgg.#
#.)@..#
##'####
#. #+


You could see an adder, a dart slug and 2 goblins.

Vanquished Creatures
  An adder (D:2)
  A worm (D:2)
  A dart slug (D:2)
  A leopard gecko (D:2)
  A giant cockroach (D:2)
  5 hobgoblins
  4 kobolds (D:1)
  A quokka (D:2)
  4 bats
  4 frilled lizards
  8 goblins
  9 rats
40 creatures vanquished.

Notes
Turn   | Place    | Note
-------+----------+-------------------------------------------
     0 | D:1      | Amnesiac the Mummy Necromancer began the quest for the Orb.
     0 | D:1      | Reached XP level 1. HP: 13/13 MP: 4/4
   333 | D:1      | Reached XP level 2. HP: 18/20 MP: 0/5
   981 | D:2      | Reached skill level 1 in Shields
  1026 | D:2      | Found a sacrificial altar of Ru.
  1032 | D:2      | Reached XP level 3. HP: 22/25 MP: 7/7
  1039 | D:2      | Learned a level 3 spell: Vampiric Draining
  1458 | D:2      | Found a shimmering altar of Xom.
  1460 | D:2      | Noticed Robin
  1474 | D:3      | Slain by a goblin

Vault maps used:
D:1:      saegor_arrival_simple_d
D:2:      xom_teletrap_fun, old_standard_altar, uniq_robin
D:3:      lemuel_crystal_altar, dk_vineyard_2, minmay_ogre_servants

Skill      XL: |  1  2 |
---------------+-------+-----
Dodging        | 2 |  2.0
Spellcasting   | 3 |  3.0
Shields        | 1 |  1.6
Fighting       | |  0.5
Stealth        | |  1.5
Necromancy     | |  4.3

Action                   || total
-------------------------++-------
Melee: Unarmed           ||     2
       Dagger            ||    63
 Cast: Pain              ||    20
       Vampiric Draining ||     5
 Stab: Sleeping          ||     2
Armor: Robe              ||    17
Dodge: Dodged            ||    29
Block: Buckler           ||     3

Table legend:
 A = Spawn XP
 B = Non-spawn XP
 C = Spawn XP percentage of total XP
 D = Spawn monster count
 E = Non-spawn monster count
 F = Spawn count percentage of total count
 G = Total turns spent on level
                    A         B        C        D         E        F      G
               +---------+---------+-------+---------+---------+-------+---------
         Total |       0 |      78 |   0.0 |       0 |      40 |   0.0 |  1474
               +---------+---------+-------+---------+---------+-------+---------
           D:1 |       0 |      31 |   0.0 |       0 |      23 |   0.0 |  1030
           D:2 |       0 |      45 |   0.0 |       0 |      16 |   0.0 |   442
           D:3 |       0 |       2 |   0.0 |       0 |       1 |   0.0 |     2
               +---------+---------+-------+---------+---------+-------+---------
